 Dungeon Crawl Stone Soup version 0.19.1 (webtiles) character file.

7686 Host24 the Slicer (level 11, -8/71 HPs)
             Began as a Kobold Arcane Marksman on Dec 24, 2016.
             Was a High Priest of Dithmenos.
             Killed from afar by Harold (14 damage)
             ... with a bolt of fire
             ... on level 10 of the Dungeon.
             The game lasted 00:50:30 (16071 turns).

Host24 the Slicer (Kobold Arcane Marksman)         Turns: 16071, Time: 00:50:31

Health: -8/71      AC:  7    Str: 17    XL:     11   Next: 41%
Magic:  14/14      EV: 14    Int: 14    God:    Dithmenos [*****.]
Gold:   471        SH:  0    Dex: 20    Spells: 1 memorised, 13 levels left

rFire  . . .     SeeInvis .     a - +0 hand crossbow
rCold  . . .     Gourm    .     e - +0 robe
rNeg   + . .     Faith    .     (shield restricted)
rPois  .         Spirit   .     z - +0 helmet
rElec  .         Reflect  .     L - +2 cloak
rCorr  .         Harm     .     (no gloves)
MR     .....                    v - +0 pair of boots
Stlth  ++++++++..               (no amulet)
                                x - ring of positive energy
                                s - ring of stealth

@: mighty, agile, held, wreathed by umbra
A: carnivore 3
a: Shadow Step, Shadow Form, Renounce Religion


You were on level 10 of the Dungeon.
You worshipped Dithmenos.
Dithmenos was extremely pleased with you.
You were very full.

You visited 1 branch of the dungeon, and saw 10 of its levels.
You also visited: Sewer.

You collected 471 gold pieces.

Inventory:

Hand Weapons
 a - a +0 hand crossbow (weapon)
 l - a +0 dagger of draining
 p - a +0 shortbow
 u - a +0 hunting sling
 B - a +0 blowgun
 C - a +0 whip of holy wrath
 F - a +0 whip of distortion
Missiles
 d - 5 bolts (quivered)
 h - 187 stones
 n - 18 tomahawks
 o - 149 arrows
 y - 18 poisoned needles
 E - a throwing net
 G - 78 sling bullets
 N - 8 needles of paralysis
Armour
 e - a +0 robe (worn)
 v - a +0 pair of boots (worn)
 z - a +0 helmet (worn)
 L - a +2 cloak (worn)
 T - a +2 shield
Jewellery
 i - a cursed amulet of harm
 j - an uncursed ring of positive energy
 s - a ring of stealth (left hand)
 x - a ring of positive energy (right hand)
 D - an uncursed ring of protection from magic
 I - a cursed ring of teleportation
 R - an uncursed ring of protection from cold
 X - an uncursed ring of resist corrosion
Wands
 P - a wand of lightning (8/15)
 V - a wand of flame (34/48)
 W - a wand of paralysis (15/24)
 Z - a wand of enslavement (9/24)
Scrolls
 b - 2 scrolls of magic mapping {unknown}
 g - 4 scrolls of amnesia {unknown}
 k - 5 scrolls of identify
 m - 3 scrolls of recharging
 r - 9 scrolls of remove curse
 A - a scroll of teleportation
 H - 2 scrolls of immolation {unknown}
 K - a scroll of enchant weapon {unknown}
 M - a scroll of fear {unknown}
 U - a scroll of holy word {unknown}
Potions
 J - a potion of mutation
 Y - 2 potions of curing
Books
 c - a book of Debilitation

   Spells                             Type                      Level
   a - Corona                         Hexes                        1
   b - Slow                           Hexes                        2
   c - Gell's Gravitas                Hexes/Translocation          3
   d - Inner Flame                    Hexes/Fire                   3
   e - Cause Fear                     Hexes                        4
   f - Leda's Liquefaction            Hexes/Earth                  4
 t - a book of Changes

   Spells                             Type                      Level
   a - Beastly Appendage              Transmutation                1
   b - Sticks to Snakes               Transmutation                2
   c - Spider Form                    Transmutation/Poison         3
   d - Ice Form                       Ice/Transmutation            4
   e - Blade Hands                    Transmutation                5
Comestibles
 f - 4 meat rations
 q - a slice of pizza
 w - 3 beef jerkies


   Skills:
 - Level 9.2 Fighting
 - Level 11.1 Short Blades
 - Level 9.2 Crossbows
 + Level 9.7 Dodging
 - Level 5.1 Stealth
 - Level 2.3 Spellcasting
 - Level 4.0 Hexes


You had 13 spell levels left.
You knew the following spells:

 Your Spells              Type           Power        Failure   Level  Hunger
a - Corona                Hex            ##.....      4%          1    #......


Dungeon Overview and Level Annotations

Branches:
Dungeon (10/15)            Temple (0/1) D:4            Lair (0/6) D:10
    Orc (0/2) D:10

Altars:
Dithmenos
Gozag
Hepliaklqana
Okawaru
Trog
Uskayaw
Vehumet
Xom
Yredelemnul

Shops:
D:9 (

Annotations:
D:10 Harold


Innate Abilities, Weirdness & Mutations

You are small and have problems with some larger weapons.
You are carnivorous and can eat meat at any time.


Message History

The gargoyle misses you.
As you read the scroll of teleportation, it crumbles to dust.
You feel strangely unstable.
The gargoyle hurls a stone arrow at you.
The stone arrow misses you.
The gargoyle hurls a stone arrow at you.
The stone arrow misses you.
Your surroundings suddenly seem different.
Found 20 stones.
Harold the Weathered comes into view.
He is wielding a broad axe.
Harold throws a throwing net.
The throwing net closely misses you.
Harold throws a throwing net.
The throwing net misses you.
Harold throws a throwing net.
The throwing net hits you.
You become entangled in the net!
You see here a throwing net.
You struggle against the net.
You struggle against the net.
Harold points at you and mumbles some strange words.
The bolt of fire hits you!
You die...

##+#######
#(@......#
#......(.#
#(.......+
#........#
#........#
#........#
#.......@#
#........#
##########


You could see Harold.

Vanquished Creatures
  The ghost of Host24 the Slicer, a novice KoAs of Dithmenos (D:7)
  A meliai zombie (D:7)
  2 hippogriffs (D:7)
  The ghost of ARFLORD the Conjurer, an amateur DECj of Vehumet (D:5)
  A spriggan (D:7)
  3 yaks (D:10)
  A hungry ghost (D:7)
  Menkaure (D:5)
  A water moccasin (D:9)
  3 orc warriors
  Duvessa (D:6)
  An ice beast (D:7)
  2 black bears
  2 necrophages
  A phantom (D:6)
  4 sky beasts
  3 ogres
  5 centaurs
  A crocodile (D:6)
  10 big kobolds
  9 bullfrogs
  A water moccasin zombie (D:7)
  Dowan (D:6)
  2 scorpions
  6 wights
  4 killer bees (D:7)
  3 electric eels (D:6)
  3 howler monkeys
  3 crimson imps
  A quasit (D:5)
  A jelly (D:8)
  9 hounds
  6 orc priests
  A bullfrog skeleton (D:8)
  8 worker ants
  8 orc wizards
  3 hound skeletons
  7 gnolls
  17 adders
  4 shadow imps
  An ooze (Sewer)
  2 adder skeletons (D:5)
  8 worms
  3 dart slugs
  6 leopard geckos
  46 orcs
  3 giant cockroaches
  12 goblins
  13 hobgoblins
  23 jackals
  22 kobolds
  5 quokkas
  3 ball pythons
  7 bats
  5 frilled lizards
  A jackal zombie (D:7)
  A leopard gecko skeleton (D:5)
  A quokka skeleton (D:6)
  A quokka zombie (D:7)
  13 rats
318 creatures vanquished.

Vanquished Creatures (others)
  A jackal (D:6)
  A quokka (D:5)
  A plant (D:10)
3 creatures vanquished.

Grand Total: 321 creatures vanquished

Notes
Turn   | Place    | Note
-------+----------+-------------------------------------------
     0 | D:1      | Host24 the Kobold Arcane Marksman began the quest for the Orb.
     0 | D:1      | Reached XP level 1. HP: 12/12 MP: 2/2
   252 | D:1      | Reached XP level 2. HP: 16/16 MP: 3/3
   425 | D:1      | Reached XP level 3. HP: 14/20 MP: 4/4
  1201 | D:2      | Noticed a moth of wrath
  1204 | D:2      | Found a bloodstained altar of Trog.
  1354 | D:2      | Reached XP level 4. HP: 26/26 MP: 5/5
  2117 | D:2      | Found a shadowy altar of Dithmenos.
  2131 | D:2      | Became a worshipper of Dithmenos the Shadowed
  2175 | D:2      | Reached XP level 5. HP: 31/32 MP: 6/6
  2698 | D:3      | Reached skill level 1 in Short Blades
  2716 | D:3      | Found a shimmering altar of Xom.
  2745 | D:3      | Found a radiant altar of Vehumet.
  2866 | D:3      | Found a glowing drain.
  2873 | Sewer    | Entered a sewer
  2892 | Sewer    | Noticed a big kobold
  2906 | Sewer    | Killed a big kobold
  2906 | Sewer    | Reached skill level 3 in Short Blades
  2906 | Sewer    | Reached XP level 6. HP: 37/37 MP: 7/7
  3352 | Sewer    | Reached skill level 4 in Short Blades
  3398 | Sewer    | Reached XP level 7. HP: 31/42 MP: 8/8
  3453 | Sewer    | Reached * piety under Dithmenos
  3498 | Sewer    | Reached skill level 5 in Crossbows
  3719 | Sewer    | Reached skill level 5 in Fighting
  4059 | D:3      | Reached XP level 8. HP: 45/50 MP: 9/9
  4158 | D:3      | Found a hide-covered altar of Uskayaw.
  4775 | D:4      | Found a staircase to the Ecumenical Temple.
  4974 | D:4      | Found a basalt altar of Yredelemnul.
  5347 | D:5      | Entered Level 5 of the Dungeon
  5399 | D:5      | Reached skill level 5 in Dodging
  5600 | D:5      | Gained mutation: Your body sometimes deteriorates upon taking damage. [potion of mutation]
  5600 | D:5      | Gained mutation: You tend to lose your temper in combat. [potion of mutation]
  5600 | D:5      | Gained mutation: Your spells are a little easier to cast, but a little less powerful. [potion of mutation]
  5601 | D:5      | Lost mutation: Your body sometimes deteriorates upon taking damage. [potion of cure mutation]
  5601 | D:5      | Lost mutation: You tend to lose your temper in combat. [potion of cure mutation]
  5601 | D:5      | Lost mutation: Your spells are a little easier to cast, but a little less powerful. [potion of cure mutation]
  5970 | D:5      | Reached ** piety under Dithmenos
  5970 | D:5      | Reached skill level 5 in Short Blades
  6388 | D:5      | Reached skill level 6 in Short Blades
  6388 | D:5      | Reached XP level 9. HP: 55/55 MP: 10/10
  6896 | D:5      | Noticed ARFLORD's ghost (amateur DECj)
  6899 | D:5      | Noticed Menkaure
  6934 | D:5      | Killed ARFLORD's ghost
  7607 | D:5      | Killed Menkaure
  8328 | D:6      | Found an iron altar of Okawaru.
  8529 | D:6      | Noticed Duvessa
  8529 | D:6      | Noticed Dowan
  8613 | D:6      | Killed Duvessa
  8632 | D:6      | Killed Dowan
  9454 | D:6      | Found a hazy altar of Hepliaklqana.
  9679 | D:6      | Reached skill level 7 in Short Blades
  9913 | D:6      | Reached *** piety under Dithmenos
  9913 | D:6      | Reached XP level 10. HP: 64/64 MP: 11/11
  9935 | D:6      | HP: 3/64 [electric eel/bolt of electricity (8)]
 11034 | D:7      | Noticed Host24's ghost (novice KoAs)
 11196 | D:7      | Found a shimmering altar of Xom.
 11240 | D:7      | Reached skill level 8 in Short Blades
 11496 | D:7      | Reached skill level 9 in Short Blades
 11576 | D:7      | HP: 3/64 [bullfrog (3)]
 12287 | D:7      | Killed Host24's ghost
 12287 | D:7      | Reached skill level 10 in Short Blades
 12624 | D:7      | Reached **** piety under Dithmenos
 12727 | D:7      | Reached skill level 11 in Short Blades
 13571 | D:8      | Reached XP level 11. HP: 69/69 MP: 12/12
 13808 | D:8      | Found an opulent altar of Gozag.
 14557 | D:9      | Reached skill level 1 in Stealth
 15180 | D:9      | Found Met Edud's Weapon Boutique.
 15328 | D:10     | Entered Level 10 of the Dungeon
 15565 | D:10     | Reached ***** piety under Dithmenos
 15576 | D:10     | Found a staircase to the Orcish Mines.
 15712 | D:10     | Reached skill level 5 in Stealth
 15740 | D:10     | Noticed a hill giant
 15830 | D:10     | Found a staircase to the Lair.
 16056 | D:10     | HP: 3/71 [gargoyle/flail (15)]
 16064 | D:10     | Noticed Harold
 16071 | D:10     | Killed from afar by Harold

Skill      XL: |  1  2  3  4  5  6  7  8  9 10 11 |
---------------+----------------------------------+-----
Crossbows      | 3 4 6 8 9 |  9.2
Fighting       | 3 5 6 8 9 |  9.2
Dodging        | 3 6 9 |  9.7
Hexes          | 4 |  4.0
Short Blades   | 3 4 6 7 11 | 11.1
Stealth        | 5 |  5.1
Spellcasting   | 2 |  2.3

Action                   |  1- 3 |  4- 6 |  7- 9 | 10-12 || total
-------------------------+-------+-------+-------+-------++-------
Melee: Dagger            |    71 |   235 |   743 |  1038 ||  2087
       Whip              |       |       |    18 |    38 ||    56
 Fire: Hand crossbow     |    41 |    30 |   100 |    54 ||   225
       Hunting sling     |       |     3 |       |       ||     3
       Blowgun           |       |       |    31 |    40 ||    71
Throw: Stone             |       |       |     1 |       ||     1
  Use: Scroll            |     1 |       |     9 |     8 ||    18
       Potion            |       |       |    14 |     3 ||    17
 Stab: Sleeping          |       |     3 |     1 |     5 ||     9
       Invisible         |       |       |     3 |       ||     3
  Eat: Chunk             |     9 |     8 |    21 |    29 ||    67
Armor: Robe              |    13 |    25 |   170 |   100 ||   308
       Skin              |       |       |    16 |       ||    16
Dodge: Dodged            |    81 |   141 |   768 |   818 ||  1808
